 Dungeon Crawl Stone Soup version 0.25-a0-341-g6f074c887a (webtiles) character file.

Game seed: 4242722340118912405, levelgen mode: classic

73042 Borgoz the Bludgeoner (level 15, -11/97 HPs)
             Began as a Gargoyle Gladiator on Dec 30, 2019.
             Was the Champion of Okawaru.
             Mangled by an enormous slime creature (56 damage)
             ... on level 12 of the Dungeon.
             The game lasted 00:43:22 (25763 turns).

Borgoz the Bludgeoner (Gargoyle Gladiator)         Turns: 25763, Time: 00:43:23

Health: -11/97     AC: 39    Str: 21    XL:     15   Next: 42%
Magic:  0/21       EV: 21    Int: 12    God:    Okawaru [******]
Gold:   1633       SH:  0    Dex: 14    Spells: 14/14 levels left

rFire    . . .     SeeInvis +   b - +1 dire flail (protect)
rCold    + . .     Gourm    .   (shield currently unavailable)
rNeg     + . .     Faith    .   j - +1 ring mail {rC+}
rPois    ∞         Spirit   +   s - +0 hat {SInv}
rElec    +         Reflect  .   r - +2 cloak
rCorr    +         Harm     .   y - +0 pair of gloves
MR       +....                  F - +1 pair of boots of Geluw {rCorr Int+3}
Stlth    ++........             g - amulet of guardian spirit
HPRegen  0.26/turn              I - ring of see invisible
MPRegen  0.17/turn              L - +3 ring of protection

@: heroism, protection aura, flying
A: big wings, negative energy resistance 1, electricity resistance, unbreathing,
petrification resistance, rot immunity, AC +11
a: Stop Flying, Heroism, Finesse, Renounce Religion


You were on level 12 of the Dungeon.
You worshipped Okawaru.
Okawaru was exalted by your worship.
You were not hungry.

You visited 3 branches of the dungeon, and saw 20 of its levels.
You also visited: Bailey.

You collected 1633 gold pieces.

Inventory:

Hand Weapons
 b - a +1 dire flail of protection (weapon)
Armour
 j - a +1 ring mail of cold resistance (worn)
 r - a +2 cloak (worn)
 s - a +0 hat of see invisible (worn)
 y - a +0 pair of gloves (worn)
 F - the +1 pair of boots of Geluw (worn) {rCorr Int+3}
   (You found it on level 7 of the Dungeon)

   It affects your intelligence (+3).
   It provides partial protection from all sources of acid and corrosion.
Jewellery
 d - an uncursed ring of fire
 g - an amulet of guardian spirit (around neck)
 B - an uncursed ring of fire
 I - a ring of see invisible (left hand)
 L - a +3 ring of protection (right hand)
Wands
 i - a wand of iceblast (14)
 p - a wand of paralysis (6)
 M - a wand of scattershot (8)
Scrolls
 e - 8 scrolls of teleportation
 h - 12 scrolls of remove curse
 k - 4 scrolls of blinking
 A - 2 scrolls of summoning
 H - a scroll of fear {unknown}
 K - 2 scrolls of fog
 R - a scroll of holy word
Potions
 a - a potion of cancellation {unknown}
 l - a potion of heal wounds
 m - 6 potions of might
 o - a potion of agility
 E - a potion of berserk rage
 P - 2 potions of invisibility
 S - a potion of curing
 U - a potion of ambrosia
Comestibles
 c - 4 chunks of flesh
 f - 36 rations


   Skills:
 + Level 12.8(17.8) Fighting
 + Level 15.3(20.3) Maces & Flails
 - Level 1.7(6.7) Throwing
 + Level 12.6(17.6) Armour
 + Level 10.4(15.4) Dodging
   Level 5.0(10.0) Shields
 + Level 8.1 Invocations


You had 14 spell levels left.
You didn't know any spells.
Your spell library contained the following spells:

 Spells                   Type           Power        Failure   Level  Hunger
 Confusing Touch          Hex            #.....       41%         1    ##.....
 Foxfire                  Conj/Fire      #...         41%         1    ##.....
 Freeze                   Ice            #...         41%         1    ##.....
 Magic Dart               Conj           #...         41%         1    ##.....
 Blink                    Tloc           N/A          56%         2    ###....
 Call Imp                 Summ           #.......     56%         2    ###....
 Slow                     Hex            #.......     56%         2    ###....
 Confuse                  Hex            #.......     80%         3    ####...
 Conjure Flame            Conj/Fire      #.......     80%         3    ####...
 Gell's Gravitas          Tloc           #.........   80%         3    ####...
 Inner Flame              Hex/Fire       #.......     80%         3    ####...
 Mephitic Cloud           Conj/Pois/Air  #.......     80%         3    ####...
 Ozocubu's Armour         Chrm/Ice       #.......     80%         3    ####...
 Cause Fear               Hex            #.........   99%         4    #####..
 Hailstorm                Conj/Ice       #.......     99%         4    #####..
 Petrify                  Tmut/Erth      #.......     99%         4    #####..
 Sticky Flame             Conj/Fire      #.......     99%         4    #####..
 Summon Ice Beast         Ice/Summ       #.......     99%         4    #####..
 Fireball                 Conj/Fire      #.........   100%        5    ######.
 Metabolic Englaciation   Hex/Ice        #.........   100%        5    ######.
 Silence                  Hex/Air        #.........   100%        5    ######.
 Yara's Violent Unravell  Hex/Tmut       #.........   100%        5    ######.
 Deflect Missiles         Chrm/Air       #.........   100%        6    #######
 Discord                  Hex            #.........   100%        8    #######


Dungeon Overview and Level Annotations

Branches:
Dungeon (13/15)            Temple (1/1) D:4            Lair (6/6) D:11
 Shoals (0/4) Lair:2       Spider (0/4) Lair:2        Slime (0/5) Lair:5
    Orc (0/2) D:11         Bailey (visited)
 Vaults: D:13-14

Altars:
Ashenzari
Cheibriados
Dithmenos
Elyvilon
Fedhas
Gozag
Hepliaklqana
Kikubaaqudgha
Makhleb
Nemelex Xobeh
Okawaru
Qazlal
Ru
Sif Muna
Trog
Uskayaw
Vehumet
Wu Jian
Xom
Yredelemnul
Zin
The Shining One


Innate Abilities, Weirdness & Mutations

You are resistant to torment.
Your stone body is resilient. (AC +11)
You are immune to poison.
Your large and strong wings let you fly indefinitely.
You resist negative energy. (rN+)
You are resistant to electric shocks. (rElec)
You can survive without breathing.
You are immune to petrification.
You are immune to rotting.


Message History

You sock the enormous slime creature!
The enormous slime creature is almost dead.
The enormous slime creature hits you!!!
Ouch! That really hurt!
You are too injured to fight recklessly!
You are too injured to fight recklessly!
You are too injured to fight recklessly!
You are too injured to fight recklessly!
You hit the enormous slime creature.
The enormous slime creature is almost dead.
You hit the enormous slime creature.
The enormous slime creature is almost dead.
The enormous slime creature completely misses you.
You barely miss the enormous slime creature.
The enormous slime creature is almost dead.
You hit the enormous slime creature.
The enormous slime creature is almost dead.
The enormous slime creature hits you!!!
Ouch! That really hurt!
You die...

##..##..##...#
#.##..# #
###....####..#
#.###.## # #
##..## ##..#
#.##...## # ##
#..# ##...#
#.#.....# #
.###..###....#
#.##...##
..........#..#
#.##..##
..........#..#
#.##.##
.###..###....#
#.##.# ## #..#
##...# #@##.#
#.# # ##..##
##.## #J##.##
#..
###....####.#
#.#...## ###
##..##..##..#
#......#
..........(.#
###..J.#
.#######.####
##.#.# .# #..#
#.#.# .# #.##
#.#.# ##
.######.##
#.......# #...


You could see an enormous slime creature.

Vanquished Creatures
  A tengu reaver (D:12)
  The ghost of Ichigo the Severer, a journeyman DDFi of Makhleb (Lair:6)
  8 hydras
  A catoblepas (Lair:5)
  2 alligators (Lair:6)
  10 death yaks
  5 two-headed ogres
  2 unseen horrors
  A flayed ghost (D:12)
  The ghost of night the Cleaver, a novice GrGl of Cheibriados (D:8)
  A phantasmal warrior (D:12)
  2 oklob plants (Lair:1)
  The ghost of emiel the Shield-Bearer, a novice FoFi (D:4)
  2 ugly things
  A cyclops (D:13)
  Joseph (D:7)
  A manticore (D:12)
  7 black mambas
  A gargoyle (D:12)
  A torpor snail (Lair:6)
  6 elephants (Lair:6)
  A guardian serpent (Lair:6)
  5 rime drakes
  20 spiny frogs
  Psyche (D:8)
  6 komodo dragons
  A queen bee (D:10)
  A troll (D:13)
  12 polar bears
  3 raiju (Lair:6)
  4 hornets
  A harpy skeleton (D:13)
  5 dream sheep (Lair:4)
  18 blink frogs
  10 hippogriffs
  5 redbacks
  8 yaks
  15 wyverns
  Grum (D:8)
  2 hungry ghosts
  A catoblepas simulacrum (Lair:6)
  5 basilisks
  A death yak simulacrum (Lair:6)
  6 wargs (Lair:6)
  A soldier ant (D:10)
  12 hell hounds (Lair:6)
  Duvessa (D:4)
  An acid dragon (D:12)
  14 water moccasins
  10 porcupines
  13 orc warriors
  6 ice beasts
  4 sky beasts
  A phantom (D:4)
  A necrophage (D:9)
  10 black bears (Lair:6)
  A black mamba simulacrum (Lair:6)
  3 ogres
  20 centaurs
  29 wolves
  11 crocodiles
  A big kobold (D:8)
  21 bullfrogs
  Dowan (D:4)
  3 scorpions
  5 wights (D:12)
  32 killer bees
  A howler monkey (D:8)
  3 crimson imps
  2 centaur zombies
  A jelly (D:7)
  A quasit (D:12)
  A fire crab simulacrum (Lair:6)
  2 komodo dragon simulacra (Lair:6)
  6 hounds
  5 orc priests
  4 centaur skeletons
  3 iguanas
  13 orc wizards
  4 hell rats (Lair:3)
  11 worker ants
  2 bullfrog simulacra (D:4)
  A hound skeleton (D:8)
  A worker ant zombie (D:9)
  3 gnolls (D:5)
  A howler monkey skeleton (D:10)
  7 adders
  2 shadow imps
  2 white imps (D:4)
  2 worker ant simulacra (D:4)
  2 adder zombies
  An ooze (D:1)
  An adder skeleton (D:5)
  A worm (D:2)
  3 leopard geckos
  69 orcs
  3 ball pythons
  4 bats
  7 giant cockroaches
  10 goblins
  6 hobgoblins
  20 jackals
  4 quokkas
  A ball python skeleton (D:3)
  2 frilled lizards
  A jackal skeleton (D:9)
  5 kobolds
  2 quokka simulacra (D:4)
  A quokka skeleton (D:6)
  A quokka zombie (D:8)
  6 rats
  6 fungi
  6 plants (Lair:1)
629 creatures vanquished.

Vanquished Creatures (others)
  A black bear (Lair:6)
  A wolf (Lair:6)
  A killer bee (D:11)
  A goblin (D:8)
  12 fungi
  20 plants
36 creatures vanquished.

Grand Total: 665 creatures vanquished

Notes
Turn   | Place    | Note
-------+----------+-------------------------------------------
     0 | D:1      | Borgoz the Gargoyle Gladiator began the quest for the Orb.
     0 | D:1      | Reached XP level 1. HP: 12/12 MP: 1/1
   193 | D:1      | Reached XP level 2. HP: 17/18 MP: 2/2
   630 | D:2      | Reached skill level 1 in Armour
   666 | D:2      | Reached XP level 3. HP: 15/22 MP: 3/3
  1405 | D:2      | Found a snail-covered altar of Cheibriados.
  1408 | D:2      | Found a basalt altar of Yredelemnul.
  1411 | D:2      | Found an ornate altar of the Wu Jian Council.
  1414 | D:2      | Found a bloodstained altar of Trog.
  1630 | D:3      | Reached XP level 4. HP: 7/27 MP: 4/4
  1898 | D:3      | Reached skill level 4 in Maces & Flails
  1951 | D:3      | Found a sacrificial altar of Ru.
  2116 | D:3      | Found a white marble altar of Elyvilon.
  2272 | D:3      | Reached XP level 5. HP: 32/32 MP: 5/5
  2944 | D:4      | Noticed Duvessa
  2945 | D:4      | Noticed Dowan
  2985 | D:4      | Killed Duvessa
  2985 | D:4      | Reached XP level 6. HP: 32/37 MP: 6/6
  3014 | D:4      | Killed Dowan
  3014 | D:4      | Reached skill level 5 in Maces & Flails
  3112 | D:4      | Noticed a phantom
  3131 | D:4      | Killed a phantom
  3131 | D:4      | Reached XP level 7. HP: 39/43 MP: 7/7
  3346 | D:4      | Found a staircase to the Ecumenical Temple.
  3429 | D:4      | Found a runed translucent gate.
  3429 | D:4      | Found a runed translucent gate.
  3429 | D:4      | Found a runed translucent gate.
  3548 | D:4      | Found a shattered altar of Ashenzari.
  3845 | D:4      | Noticed emiel's ghost (novice FoFi)
  3868 | D:5      | Entered Level 5 of the Dungeon
  4015 | D:5      | Reached skill level 6 in Maces & Flails
  4155 | D:5      | Reached XP level 8. HP: 23/48 MP: 8/8
  4488 | D:5      | Found a blossoming altar of Fedhas.
  4539 | D:5      | Reached skill level 5 in Fighting
  4596 | D:5      | Reached skill level 7 in Maces & Flails
  5177 | D:6      | Reached skill level 5 in Armour
  5413 | D:6      | Found a stormy altar of Qazlal.
  5422 | D:6      | Reached skill level 1 in Shields
  5603 | D:6      | Noticed a two-headed ogre
  5618 | D:6      | Killed a two-headed ogre
  5618 | D:6      | Reached skill level 8 in Maces & Flails
  5618 | D:6      | Reached skill level 5 in Dodging
  5618 | D:6      | Reached XP level 9. HP: 25/55 MP: 9/9
  5871 | D:7      | Found a sparkling altar of Nemelex Xobeh.
  5872 | D:7      | Noticed Joseph
  5908 | D:7      | Killed Joseph
  6070 | Temple   | Entered the Ecumenical Temple
  6112 | Temple   | Became a worshipper of Warmaster Okawaru
  6395 | D:4      | Killed emiel's ghost
  6395 | D:4      | Reached skill level 9 in Maces & Flails
  6395 | D:4      | Reached XP level 10. HP: 43/61 MP: 10/10
  6654 | D:7      | Got a pair of encrusted boots
  6660 | D:7      | Identified the +1 pair of boots of Geluw {rCorr Int+3} (You
                  | found it on level 7 of the Dungeon)
  6696 | D:7      | Reached * piety under Okawaru
  7418 | D:8      | Noticed Psyche
  7443 | D:8      | Killed Psyche
  7466 | D:8      | Noticed a two-headed ogre
  7484 | D:8      | Killed a two-headed ogre
  7484 | D:8      | Reached ** piety under Okawaru
  7587 | D:8      | Noticed Grum
  7632 | D:8      | Killed Grum
  7636 | D:8      | Reached skill level 10 in Maces & Flails
  7636 | D:8      | Reached skill level 5 in Shields
  7733 | D:8      | Found a runed translucent door.
  7743 | D:8      | Noticed night's ghost (novice GrGl)
  7801 | D:8      | Reached *** piety under Okawaru
  7805 | D:8      | Found a flagged portal.
  7943 | Bailey   | Entered a bailey
  8217 | Bailey   | Reached XP level 11. HP: 23/68 MP: 11/11
  9635 | Bailey   | Reached **** piety under Okawaru
  9884 | D:8      | Found a shadowy altar of Dithmenos.
 10593 | D:9      | Noticed a two-headed ogre
 10608 | D:9      | Killed a two-headed ogre
 10608 | D:9      | Received a gift from Okawaru
 10608 | D:9      | Reached skill level 11 in Maces & Flails
 11027 | D:10     | Entered Level 10 of the Dungeon
 11155 | D:10     | Noticed an unseen horror
 11172 | D:10     | Killed an unseen horror
 11236 | D:9      | Noticed a white ugly thing
 11282 | D:10     | Reached ***** piety under Okawaru
 11584 | D:10     | Received a gift from Okawaru
 12176 | D:11     | Found a staircase to the Orcish Mines.
 12274 | D:11     | Reached XP level 12. HP: 49/76 MP: 12/12
 12425 | D:11     | Received a gift from Okawaru
 12432 | D:11     | Reached skill level 12 in Maces & Flails
 12662 | D:11     | Found a staircase to the Lair.
 12688 | D:11     | Noticed a two-headed ogre
 12714 | D:11     | Killed a two-headed ogre
 12714 | D:11     | Received a gift from Okawaru
 13252 | D:11     | Found an opulent altar of Gozag.
 13258 | D:11     | Got an ancient leather armour
 13308 | D:11     | Identified the +3 leather armour "Buolad Gauc" {rF- Str+3}
                  | (You found it on level 11 of the Dungeon)
 13326 | D:12     | Noticed a two-headed ogre
 13336 | D:12     | Killed a two-headed ogre
 13796 | D:12     | Got an encrusted scale mail
 13807 | D:12     | Identified the cursed +0 scale mail "Sisuc" {Int+5} (You
                  | found it on level 12 of the Dungeon)
 14041 | D:13     | Reached skill level 10 in Fighting
 14321 | D:13     | Noticed a tengu reaver
 14330 | D:12     | Received a gift from Okawaru
 14735 | Lair:1   | Entered Level 1 of the Lair of Beasts
 14756 | Lair:1   | HP: 2/77 [komodo dragon (9)]
 14757 | Lair:1   | Reached skill level 13 in Maces & Flails
 15220 | Lair:1   | Noticed a seven-headed hydra
 15230 | Lair:1   | Killed a seven-headed hydra
 15230 | Lair:1   | Reached skill level 10 in Armour
 15282 | Lair:1   | Noticed an eight-headed hydra
 15294 | Lair:1   | Killed an eight-headed hydra
 15294 | Lair:1   | Reached skill level 1 in Invocations
 15294 | Lair:1   | Reached XP level 13. HP: 33/83 MP: 10/13
 16345 | Lair:2   | Found a staircase to the Shoals.
 16435 | Lair:2   | HP: 1/83 [komodo dragon (22)]
 16708 | Lair:2   | Found a hole to the Spider Nest.
 16844 | Lair:2   | Found an iron altar of Okawaru.
 16897 | Lair:2   | Received a gift from Okawaru
 18562 | Lair:4   | Reached skill level 14 in Maces & Flails
 20074 | Lair:5   | Gained mutation: Your large and strong wings let you fly
                  | indefinitely. [Gargoyle growth]
 20074 | Lair:5   | Reached XP level 14. HP: 44/90 MP: 8/17
 20372 | Lair:4   | Reached skill level 5 in Invocations
 20841 | Lair:5   | Received a gift from Okawaru
 20895 | Lair:6   | Entered Level 6 of the Lair of Beasts
 21963 | Lair:6   | Reached ****** piety under Okawaru
 21963 | Lair:6   | Received a gift from Okawaru
 22876 | Lair:6   | Found a runed translucent gate.
 22876 | Lair:6   | Found a runed translucent gate.
 22876 | Lair:6   | Found a runed translucent gate.
 22894 | Lair:6   | Noticed Ichigo's ghost (journeyman DDFi)
 23058 | Lair:6   | Reached skill level 15 in Maces & Flails
 23068 | Lair:6   | Received a gift from Okawaru
 23222 | Lair:6   | Reached skill level 10 in Dodging
 23306 | Lair:6   | Reached XP level 15. HP: 63/97 MP: 20/20
 23548 | Lair:6   | Got a smoking dagger
 23591 | Lair:6   | Identified the +8 dagger of Qoag {pierce, *Slow rElec
                  | Int+4} (You found it on level 6 of the Lair of Beasts)
 24205 | Lair:6   | Killed Ichigo's ghost
 24653 | Lair:5   | Found a staircase to the Slime Pits.
 24793 | Lair:5   | Found the +2 ratskin cloak {+Rats rPois rN+ Str-1 Int-1
                  | Dex+1}
 25460 | D:8      | Killed night's ghost
 25557 | D:12     | Killed a tengu reaver
 25763 | D:12     | Mangled by an enormous slime creature

Levels and vault maps discovered:
D:1:      dpeg_arrival_signposts, layout_rooms, st_stairs_7,
          minmay_misc_feat_five
D:2:      layout_basic, grunt_temple_overflow_cloverleaf
D:3:      layout_basic, lemuel_round_altar, lemuel_doored_altar, first_ration
D:4:      layout_basic, nicolae_overflow_hidden_temple,
          minmay_temple_entry_purple_smoke, gammafunk_ghost_icy, uniq_duvessa
D:5:      layout_loops_corners, kennysheep_mini
D:6:      layout_loops_cross, nicolae_qazlal_general_emergency
D:7:      layout_gridville, nemelex_xobeh_ov_fountains_minmay, uniq_joseph
D:8:      layout_rooms, nicolae_dithmenos_shadow_blocks,
          ebering_ghost_reflecting_pool, enter_bailey_3, uniq_grum, uniq_psyche
D:9:      cheibrodos_elevator_heist, layout_gridville
D:10:     layout_loops_ring, david_nohive_1
D:11:     layout_loops_corners, lair_entry_dummy, orc_0_dummy,
          nicolae_gozag_cash_rules_everything_around_me
D:12:     layout_loops_ring, palyth_stone_intersect
D:13:     minmay_strange_plus, layout_basic, serial_glass, glass_columns_b,
          glass_columns_c
Temple:   minmay_temple_curvy_loop
Lair:1:   layout_roguey, serial_bayou_pond_b, cheibrodos_lair_reptile_den,
          minmay_lair_oklob_chamber
Lair:2:   layout_hall_layers, shoals_dummy_entry, spider_nest_entry_a,
          serial_rivers, chequers_serial_rivers_large_b,
          chequers_serial_rivers_micro_b, chequers_serial_rivers_micro_d,
          chequers_serial_rivers_large_a, basic_altar
Lair:3:   layout_chaotic_city
Lair:4:   layout_layer_cave
Lair:5:   layout_layer_cave, slime_dummy
Lair:6:   hangedman_lair_tendril_chambers, layout_hall_layers,
          hangedman_lair_caniforms_friends, gammafunk_ghost_icy

Skill      XL: |  1  2  3  4  5  6  7  8  9 10 11 12 13 14 15 |
---------------+----------------------------------------------+-----
Armour         | 1 2 3 4 5 6 7 8 10 11 12 | 12.6
Maces & Flails | 4 5 6 8 9 10 11 13 14 15 | 15.3
Fighting       | 3 4 6 8 9 10 11 12 | 12.8
Dodging        | 3 4 5 6 7 8 9 10 | 10.4
Shields        | 2 3 5 |  5.0
Invocations    | 1 4 7 8 |  8.1
Throwing       | |  1.7

Action                   |  1- 3 |  4- 6 |  7- 9 | 10-12 | 13-15 || total
-------------------------+-------+-------+-------+-------+-------++-------
Melee: Flail             |   114 |   177 |   385 |   706 |       ||  1382
       Morningstar       |       |       |       |   643 |   871 ||  1514
       Dire flail        |       |       |       |       |   756 ||   756
Throw: Throwing net      |       |       |     6 |     7 |       ||    13
       Javelin           |       |       |       |    15 |       ||    15
Invok: Heroism           |       |       |       |     5 |    24 ||    29
 Abil: Fly               |       |       |       |       |     1 ||     1
  Use: Scroll            |       |     5 |     2 |    12 |    16 ||    35
       Potion            |       |       |     1 |    13 |     3 ||    17
 Stab: Held in net/web   |       |       |     1 |     1 |       ||     2
  Eat: Chunk             |     2 |     5 |    11 |    28 |    23 ||    69
       Ration            |       |       |       |     2 |     4 ||     6
Armor: Leather armour    |     6 |       |       |       |       ||     6
       Ring mail         |    56 |   112 |   133 |   455 |   766 ||  1522
       Scale mail        |       |       |       |   221 |       ||   221
Dodge: Dodged            |    79 |   158 |   181 |  1020 |  1250 ||  2688
Block: Other             |       |     1 |    21 |       |       ||    22
       Buckler           |       |       |    37 |   594 |   227 ||   858
       Reflection        |       |       |       |     4 |       ||     4

Table legend:
 A = Non-vault XP
 B = Vault XP
 C = Vault XP percentage of total XP
 D = Non-vault monster count
 E = Vault monster count
 F = Vault count percentage of total count
                 A         B        C        D         E       F
            +---------+---------+-------+---------+---------+-------
      Total |   68109 |   36238 |  34.7 |     432 |     189 |  30.4
            +---------+---------+-------+---------+---------+-------
        D:1 |      26 |       4 |  13.3 |      13 |       2 |  13.3
        D:2 |      30 |       0 |   0.0 |      10 |       0 |   0.0
        D:3 |     148 |       0 |   0.0 |      33 |       0 |   0.0
        D:4 |     418 |     906 |  68.4 |      19 |      11 |  36.7
        D:5 |    1223 |       0 |   0.0 |      25 |       0 |   0.0
        D:6 |    1231 |       0 |   0.0 |      13 |       0 |   0.0
        D:7 |     858 |     513 |  37.4 |      28 |       1 |   3.4
        D:8 |    2686 |    1631 |  37.8 |      33 |      10 |  23.3
        D:9 |    2047 |       0 |   0.0 |      16 |       0 |   0.0
       D:10 |    2666 |    1187 |  30.8 |      32 |      15 |  31.9
       D:11 |    4402 |       0 |   0.0 |      33 |       0 |   0.0
       D:12 |    4610 |    4033 |  46.7 |      29 |       4 |  12.1
       D:13 |    1247 |     526 |  29.7 |       5 |       1 |  16.7
     Lair:1 |    5721 |    2470 |  30.2 |      13 |       7 |  35.0
     Lair:2 |    2804 |     225 |   7.4 |      15 |       1 |   6.2
     Lair:3 |    4133 |       0 |   0.0 |      18 |       0 |   0.0
     Lair:4 |    8824 |       0 |   0.0 |      28 |       0 |   0.0
     Lair:5 |   10081 |       0 |   0.0 |      29 |       0 |   0.0
     Lair:6 |   14954 |   22450 |  60.0 |      40 |      98 |  71.0
     Bailey |       0 |    2293 | 100.0 |       0 |      39 | 100.0
            +---------+---------+-------+---------+---------+-------
